TOP OF THE 1ST |
Indiana Hounds batting - Pitching for Waba Ducks : RHP Li-cong Sima
|
Pitching: RHP Li-cong Sima
|
|
Batting: LHB David Cháves
|
0-0: Ball 1-0: Called Strike 1-1: Called Strike 1-2: Foul Ball, location: 2F 1-2: Strikes out swinging
|
Batting: RHB Domingo Romero
|
0-0: Ball 1-0: Ball 2-0: Ball 3-0: Base on Balls
|
Batting: SHB Charles Alexander
|
0-0: Ball 1-0: Swinging Strike 1-1: Ball 2-1: Foul Ball, location: 2F 2-2: Ball 3-2: SINGLE (Line Drive, 8LS) Domingo Romero to second Domingo Romero to third
|
Batting: RHB Norberto Gonzáles
|
0-0: Called Strike 0-1: Ball 1-1: Swinging Strike 1-2: Strikes out swinging
|
Batting: LHB Dave Helásquez
|
0-0: Called Strike 0-1: Ground out 6-3 (Groundball, 6MD)
|
Top of the 1st over - 0 run(s), 1 hit(s), 0 error(s), 2 left on base; Indiana 0 - Waba 0 |
BOTTOM OF THE 1ST |
Waba Ducks batting - Pitching for Indiana Hounds : LHP Tatsui Tanaka
|
Pitching: LHP Tatsui Tanaka
|
|
Batting: RHB Kelly Graham
|
0-0: SINGLE (Line Drive, 78M)
|
Batting: LHB Fernando Cruz
|
0-0: Fly out, F7 (Flyball, 78M)
|
Batting: SHB Alonso Ferreira
|
0-0: Called Strike 0-1: Ground out 4-3 (Groundball, 34) Kelly Graham to second
|
Batting: RHB Chris Osborn
|
0-0: Fly out, F8 (Flyball, 8LM)
|
Bottom of the 1st over - 0 run(s), 1 hit(s), 0 error(s), 1 left on base; Indiana 0 - Waba 0 |
TOP OF THE 2ND |
Indiana Hounds batting - Pitching for Waba Ducks : RHP Li-cong Sima
|
Batting: LHB Tim Bruce
|
0-0: Ball 1-0: Fly out, F7 (Line Drive, 7)
|
Batting: LHB Denny Poole
|
0-0: Ball 1-0: Foul Ball, location: 2F 1-1: Foul Ball, location: 2F 1-2: Ball 2-2: Ball 3-2: Fly out, F8 (Flyball, 8RM)
|
Batting: LHB Dave Watson
|
0-0: Called Strike 0-1: SINGLE (Groundball, 4D)
|
Batting: RHB Doug Murray
|
0-0: Called Strike 0-1: Ball 1-1: Foul Ball, location: 2F 1-2: SINGLE (Groundball, 6) (infield hit) Dave Watson to second
|
Batting: LHB David Cháves
|
0-0: Called Strike 0-1: Ball 1-1: Ball 2-1: Foul Ball, location: 2F 2-2: Ball 3-2: Base on Balls Dave Watson to third Doug Murray to second
|
Batting: RHB Domingo Romero
|
0-0: Foul Ball, location: 2F 0-1: Foul Ball, location: 2F 0-2: Ball 1-2: Hit by Pitch Dave Watson scores Doug Murray to third David Cháves to second
|
Batting: SHB Charles Alexander
|
0-0: Swinging Strike 0-1: Called Strike 0-2: Ball 1-2: Strikes out swinging
|
Top of the 2nd over - 1 run(s), 2 hit(s), 0 error(s), 3 left on base; Indiana 1 - Waba 0 |
BOTTOM OF THE 2ND |
Waba Ducks batting - Pitching for Indiana Hounds : LHP Tatsui Tanaka
|
Batting: RHB Paul Spencer
|
0-0: Foul Ball, location: 2F 0-1: Ball 1-1: Ball 2-1: Called Strike 2-2: Ball 3-2: Foul Ball, location: 2F 3-2: Base on Balls
|
Batting: RHB Shaun Puckett
|
0-0: Called Strike 0-1: Foul Ball, location: 2F 0-2: Foul Ball, location: 2F 0-2: Ball 1-2: Ball Paul Spencer steals 2nd base 2-2: SINGLE (Groundball, 56D) Paul Spencer to third
|
Batting: LHB Daniel Carter
|
0-0: Foul Ball, location: 2F 0-1: Swinging Strike 0-2: Strikes out swinging
|
Batting: RHB António Valdéz
|
0-0: Called Strike 0-1: Ball Wild Pitch! Paul Spencer scores Shaun Puckett to second 1-1: Called Strike 1-2: Ground out 5-3 (Groundball, 56S) Shaun Puckett to third
|
Batting: SHB Reynaldo Gallegos
|
0-0: Ball 1-0: Foul Ball, location: 2F 1-1: Foul Ball, location: 2F 1-2: Ball 2-2: Ball 3-2: Foul Ball, location: 2F 3-2: Strikes out swinging
|
Bottom of the 2nd over - 1 run(s), 1 hit(s), 0 error(s), 1 left on base; Indiana 1 - Waba 1 |
TOP OF THE 3RD |
Indiana Hounds batting - Pitching for Waba Ducks : RHP Li-cong Sima
|
Batting: RHB Norberto Gonzáles
|
0-0: Ball 1-0: Called Strike 1-1: Ground out 5-3 (Groundball, 5L)
|
Batting: LHB Dave Helásquez
|
0-0: Ball 1-0: Ball 2-0: Ball 3-0: Called Strike 3-1: Fly out, F9 (Flyball, 9D)
|
Batting: LHB Tim Bruce
|
0-0: Called Strike 0-1: Swinging Strike 0-2: Strikes out swinging
|
Top of the 3rd over - 0 run(s), 0 hit(s), 0 error(s), 0 left on base; Indiana 1 - Waba 1 |
BOTTOM OF THE 3RD |
Waba Ducks batting - Pitching for Indiana Hounds : LHP Tatsui Tanaka
|
Batting: RHB Kelly Graham
|
0-0: Called Strike 0-1: Swinging Strike 0-2: Ball 1-2: Ball 2-2: Strikes out swinging
|
Batting: LHB Fernando Cruz
|
0-0: Ball 1-0: Ball 2-0: Foul Ball, location: 2F 2-1: Ground out U3 (Groundball, 34)
|
Batting: SHB Alonso Ferreira
|
0-0: Foul Ball, location: 2F 0-1: Ball 1-1: SINGLE (Line Drive, 78S)
|
Batting: RHB Chris Osborn
|
0-0: Foul Ball, location: 2F 0-1: Ball 1-1: Swinging Strike 1-2: Foul Ball, location: 2F 1-2: Strikes out swinging
|
Bottom of the 3rd over - 0 run(s), 1 hit(s), 0 error(s), 1 left on base; Indiana 1 - Waba 1 |
TOP OF THE 4TH |
Indiana Hounds batting - Pitching for Waba Ducks : RHP Li-cong Sima
|
Batting: LHB Denny Poole
|
0-0: Ball 1-0: Foul Ball, location: 2F 1-1: Called Strike 1-2: Ball 2-2: Strikes out looking
|
Batting: LHB Dave Watson
|
0-0: Called Strike 0-1: Ball 1-1: Swinging Strike 1-2: Strikes out swinging
|
Batting: RHB Doug Murray
|
0-0: Fly out, F5 (Popup, 56)
|
Top of the 4th over - 0 run(s), 0 hit(s), 0 error(s), 0 left on base; Indiana 1 - Waba 1 |
BOTTOM OF THE 4TH |
Waba Ducks batting - Pitching for Indiana Hounds : LHP Tatsui Tanaka
|
Batting: RHB Paul Spencer
|
0-0: Ball 1-0: Ground out 5-3 (Groundball, 5S)
|
Batting: RHB Shaun Puckett
|
0-0: Ball 1-0: Ball 2-0: Ball 3-0: Base on Balls
|
Pitching: RHP Ronald Moore
|
|
Batting: LHB Daniel Carter
|
0-0: Ball 1-0: Foul Ball, location: 2F 1-1: Called Strike 1-2: Ground out U3 (Groundball, 3S) Shaun Puckett to second
|
Batting: RHB António Valdéz
|
0-0: Ball 1-0: Swinging Strike 1-1: Ball 2-1: Ball 3-1: Base on Balls
|
Batting: SHB Reynaldo Gallegos
|
0-0: Ball 1-0: Fly out, F8 (Flyball, 8LD)
|
Bottom of the 4th over - 0 run(s), 0 hit(s), 0 error(s), 2 left on base; Indiana 1 - Waba 1 |
TOP OF THE 5TH |
Indiana Hounds batting - Pitching for Waba Ducks : RHP Li-cong Sima
|
Batting: LHB David Cháves
|
0-0: Called Strike 0-1: Ball 1-1: Ball 2-1: Fly out, F8 (Flyball, 8LM)
|
Batting: RHB Domingo Romero
|
0-0: Ball 1-0: Foul Ball, location: 2F 1-1: Ball 2-1: SINGLE (Flyball, 89S)
|
Batting: SHB Charles Alexander
|
0-0: Ball 1-0: Ball 2-0: Called Strike 2-1: SINGLE (Flyball, 7S) Domingo Romero to second
|
Batting: RHB Norberto Gonzáles
|
0-0: Ball 1-0: Called Strike 1-1: Called Strike 1-2: Ball 2-2: Strikes out swinging
|
Batting: LHB Dave Helásquez
|
0-0: Ball 1-0: Ball 2-0: Ball 3-0: Called Strike 3-1: Ground out 3-1 (Groundball, 34)
|
Top of the 5th over - 0 run(s), 2 hit(s), 0 error(s), 2 left on base; Indiana 1 - Waba 1 |
BOTTOM OF THE 5TH |
Waba Ducks batting - Pitching for Indiana Hounds : RHP Ronald Moore
|
Batting: RHB Kelly Graham
|
0-0: Ball 1-0: Ball 2-0: Foul Ball, location: 2F 2-1: Ball 3-1: Base on Balls
|
Pitching: RHP Porter Warren
|
|
Batting: LHB Fernando Cruz
|
0-0: Called Strike 0-1: SINGLE (Line Drive, 9LS) Kelly Graham to second
|
Batting: SHB Alonso Ferreira
|
0-0: Ball 1-0: Called Strike 1-1: Swinging Strike 1-2: SINGLE (Line Drive, 6D) Kelly Graham to third Fernando Cruz to second Runner from 3rd tries for Home, SAFE, no throw
|
Batting: RHB Chris Osborn
|
0-0: Ball 1-0: Called Strike 1-1: Called Strike 1-2: Strikes out swinging
|
Batting: RHB Paul Spencer
|
0-0: Called Strike Fernando Cruz is caught stealing 3rd base Alonso Ferreira to second 0-1: 2-RUN HOME RUN (Flyball, 78XD), Distance : 373 ft
|
Batting: RHB Shaun Puckett
|
0-0: Ball 1-0: Called Strike 1-1: Fly out, F9 (Line Drive, 89M)
|
Bottom of the 5th over - 3 run(s), 3 hit(s), 0 error(s), 0 left on base; Indiana 1 - Waba 4 |
TOP OF THE 6TH |
Indiana Hounds batting - Pitching for Waba Ducks : RHP Li-cong Sima
|
Batting: LHB Tim Bruce
|
0-0: Ball 1-0: Ball 2-0: Called Strike 2-1: Foul Ball, location: 2F 2-2: Strikes out swinging
|
Batting: LHB Denny Poole
|
0-0: Called Strike 0-1: Ball 1-1: Called Strike 1-2: Strikes out swinging
|
Batting: LHB Dave Watson
|
0-0: Ball 1-0: Ground out U3 (Groundball, 3)
|
Top of the 6th over - 0 run(s), 0 hit(s), 0 error(s), 0 left on base; Indiana 1 - Waba 4 |
BOTTOM OF THE 6TH |
Waba Ducks batting - Pitching for Indiana Hounds : RHP Porter Warren
|
Pitching: RHP Enrique Gómez
|
|
Batting: LHB Daniel Carter
|
0-0: Swinging Strike 0-1: Ball 1-1: Swinging Strike 1-2: Foul Ball, location: 2F 1-2: Foul Ball, location: 2F 1-2: DOUBLE (Line Drive, 7LM)
|
Batting: RHB António Valdéz
|
0-0: Ball 1-0: Ball 2-0: Called Strike 2-1: Swinging Strike 2-2: Ball 3-2: Strikes out looking
|
Batting: SHB Reynaldo Gallegos
|
0-0: Ball 1-0: Ball 2-0: Ground out U3 (Groundball, 34) Daniel Carter to third
|
Pitching: RHP Manuel Ferreira
|
|
Batting: RHB Kelly Graham
|
0-0: Called Strike 0-1: Fly out, F8 (Flyball, 89M)
|
Bottom of the 6th over - 0 run(s), 1 hit(s), 0 error(s), 1 left on base; Indiana 1 - Waba 4 |
TOP OF THE 7TH |
Indiana Hounds batting - Pitching for Waba Ducks : RHP Li-cong Sima
|
Pitching: RHP Stan Stewart
|
|
Batting: RHB Doug Murray
|
0-0: Swinging Strike 0-1: Foul Ball, location: 2F 0-2: Ball 1-2: Strikes out looking
|
Batting: LHB David Cháves
|
0-0: Ball 1-0: Ball 2-0: Called Strike 2-1: Swinging Strike 2-2: SOLO HOME RUN (Flyball, 9LD), Distance : 323 ft
|
Batting: RHB Domingo Romero
|
0-0: Ground out 4-3 (Groundball, 4)
|
Batting: SHB Charles Alexander
|
0-0: Swinging Strike 0-1: Ball 1-1: Ball 2-1: Foul Ball, location: 2F 2-2: Ball 3-2: Foul Ball, location: 2F 3-2: Foul Ball, location: 2F 3-2: Foul Ball, location: 2F 3-2: Ground out 6-3 (Groundball, 56)
|
Top of the 7th over - 1 run(s), 1 hit(s), 0 error(s), 0 left on base; Indiana 2 - Waba 4 |
BOTTOM OF THE 7TH |
Waba Ducks batting - Pitching for Indiana Hounds : RHP Manuel Ferreira
|
Batting: LHB Fernando Cruz
|
0-0: Called Strike 0-1: Fly out, F8 (Flyball, 8RXD)
|
Batting: SHB Alonso Ferreira
|
0-0: Foul Ball, location: 2F 0-1: Foul Ball, location: 2F 0-2: Fly out, F8 (Flyball, 8RS)
|
Batting: RHB Chris Osborn
|
0-0: Called Strike 0-1: Foul Ball, location: 2F 0-2: Ball 1-2: SINGLE (Flyball, 8RS)
|
Batting: RHB Paul Spencer
|
0-0: Ball 1-0: Fielders Choice at 2nd, 5-4 (Groundball, 56)
|
Bottom of the 7th over - 0 run(s), 1 hit(s), 0 error(s), 0 left on base; Indiana 2 - Waba 4 |
TOP OF THE 8TH |
Indiana Hounds batting - Pitching for Waba Ducks : RHP Stan Stewart
|
Batting: RHB Norberto Gonzáles
|
0-0: SINGLE (Groundball, 6D)
|
Pitching: LHP Felipe Rivera
|
|
Pinch Runner at 1st Ramón Benítez:
|
|
Batting: LHB Dave Helásquez
|
0-0: Swinging Strike 0-1: Ball 1-1: SINGLE (Groundball, 34D) Ramón Benítez to second Runner from 2nd tries for 3rd, SAFE, throw made to third
|
Pitching: RHP Bill Bygrove
|
|
Batting: LHB Tim Bruce
|
0-0: Ball 1-0: Called Strike 1-1: SINGLE (Groundball, 34D) Ramón Benítez scores Dave Helásquez to second Runner from 2nd tries for 3rd, SAFE, throw made to third
|
Batting: LHB Denny Poole
|
0-0: Called Strike 0-1: Ball 1-1: SINGLE (Groundball, 56) Dave Helásquez scores Tim Bruce to second
|
Pinch Runner at 2nd Carlos Moya:
|
|
Batting: LHB Dave Watson
|
0-0: Ball 1-0: Sac Bunt - play at first, batter OUT! 2-4 Carlos Moya to third Denny Poole to second
|
Batting: RHB Doug Murray
|
0-0: Fly out, F8 (Flyball, 8RM) Runner from 3rd tags up, SCORES, no throw
|
Batting: LHB David Cháves
|
0-0: Ball 1-0: Ball 2-0: Foul Ball, location: 2F 2-1: Ball 3-1: Called Strike 3-2: Foul Ball, location: 2F 3-2: Base on Balls
|
Batting: RHB Domingo Romero
|
0-0: Foul Ball, location: 2F 0-1: 3-RUN HOME RUN (Flyball, 7D), Distance : 375 ft
|
Batting: SHB Charles Alexander
|
0-0: Ball 1-0: Foul Ball, location: 2F 1-1: Fly out, F8 (Flyball, 78S)
|
Top of the 8th over - 6 run(s), 5 hit(s), 0 error(s), 0 left on base; Indiana 8 - Waba 4 |
BOTTOM OF THE 8TH |
Waba Ducks batting - Pitching for Indiana Hounds : RHP Manuel Ferreira
|
Now in RF: Ramón Benítez
|
|
Batting: RHB Shaun Puckett
|
0-0: Ball 1-0: Ball 2-0: Called Strike 2-1: Ball 3-1: Called Strike 3-2: Foul Ball, location: 2F 3-2: Fly out, F6 (Popup, 6D)
|
Batting: LHB Daniel Carter
|
0-0: Ball 1-0: Ball 2-0: SINGLE (Groundball, 4) (infield hit)
|
Batting: RHB António Valdéz
|
0-0: Called Strike 0-1: Foul Ball, location: 2F 0-2: Fly out, F6 (Flyball, 6MD)
|
Batting: SHB Reynaldo Gallegos
|
0-0: Called Strike 0-1: Fly out, F9 (Flyball, 9LM)
|
Bottom of the 8th over - 0 run(s), 1 hit(s), 0 error(s), 1 left on base; Indiana 8 - Waba 4 |
TOP OF THE 9TH |
Indiana Hounds batting - Pitching for Waba Ducks : RHP Bill Bygrove
|
Pitching: RHP Bartolo Romo
|
|
Batting: LHB Ramón Benítez
|
0-0: Ball 1-0: SINGLE (Groundball, 34D)
|
Batting: LHB Dave Helásquez
|
0-0: Ball 1-0: Called Strike 1-1: Ball 2-1: Ball 3-1: Called Strike 3-2: Strikes out looking
|
Batting: RHB Carlos Moya
|
0-0: Ball 1-0: Called Strike 1-1: Fly out, F8 (Flyball, 8LM)
|
Batting: LHB Denny Poole
|
0-0: Ball 1-0: Ball Ramón Benítez steals 2nd base 2-0: Foul Ball, location: 2F 2-1: Swinging Strike 2-2: Foul Ball, location: 2F 2-2: Ground out U3 (Groundball, 34)
|
Top of the 9th over - 0 run(s), 1 hit(s), 0 error(s), 1 left on base; Indiana 8 - Waba 4 |
BOTTOM OF THE 9TH |
Waba Ducks batting - Pitching for Indiana Hounds : RHP Manuel Ferreira
|
Batting: RHB Kelly Graham
|
0-0: Ball 1-0: Called Strike 1-1: Foul Ball, location: 2F 1-2: Ball 2-2: Ball 3-2: Strikes out swinging
|
Batting: LHB Fernando Cruz
|
0-0: Ball 1-0: Ball 2-0: DOUBLE (Line Drive, 89M)
|
Batting: SHB Alonso Ferreira
|
0-0: Ball 1-0: Ball 2-0: Ball 3-0: Base on Balls
|
Pitching: LHP Pedro Torres
|
|
Batting: RHB Chris Osborn
|
0-0: Ball 1-0: Grounds into double play, 4-6-3 (Groundball, 4)
|
Bottom of the 9th over - 0 run(s), 1 hit(s), 0 error(s), 1 left on base; Indiana 8 - Waba 4 |
|